 Dungeon Crawl Stone Soup version 0.29.1-12-g30fa7ad0bf (webtiles) character file.

Game seed: 9727648451847606564

634 PaulusMax the Chopper (level 7, -3/93 HPs)
             Began as a Hill Orc Abyssal Knight on Jan 12, 2023.
             Was an Elder of Lugonu.
             Slain by Menkaure (12 damage)
             ... on level 4 of the Dungeon.
             The game lasted 00:22:09 (4427 turns).

PaulusMax the Chopper (Hill Orc Abyssal Knight)     Turns: 4427, Time: 00:22:10

Health: -3/93      AC: 23    Str: 15 (18) XL:     7   Next: 49%
Magic:  9/9        EV:  2    Int:  8 (10) God:    Lugonu [****..]
Gold:   214        SH:  0    Dex:  9 (11) Spells: 6/6 levels left

rFire   . . .      SeeInvis .   k - +0 war axe (venom)
rCold   . . .      Faith    .   (no shield)
rNeg    . . .      Spirit   .   (body armour currently unavailable)
rPois   +          Reflect  .   (helmet currently unavailable)
rElec   .          Harm     .   (cloak currently unavailable)
rCorr   .          Rampage  .   (gloves currently unavailable)
Will    .....      NoTele   +   (boots currently unavailable)
Stlth   +.........              (no amulet)
HPRegen 0.25/turn               w - +4 ring of slaying
MPRegen 0.11/turn               (no ring)

@: brilliant, tree-form
A: stationary, stasis, torment immunity, boosted hp
a: Renounce Religion, Depart the Abyss, Bend Space, Banish, Corrupt


You were on level 4 of the Dungeon.
You worshipped Lugonu.
Lugonu was greatly pleased with you.
You were a tree.
You visited 1 branch of the dungeon, and saw 6 of its levels.
You visited the Abyss 1 time.

You collected 214 gold pieces.

Inventory:

Hand Weapons
 a - a +1 falchion
 b - a +1 scythe of protection
 k - a +0 war axe of venom (weapon)
 n - a +0 sling
Missiles
 l - 2 poisoned darts
Armour
 o - a +0 helmet (melded)
 u - a +2 ring mail of cold resistance (melded)
 y - an orb of energy
Jewellery
 w - a +4 ring of slaying (left branch)
Wands
 r - a wand of charming (9)
 z - a wand of polymorph (6)
Scrolls
 e - a scroll of blinking {unknown}
 f - 3 scrolls of identify {unknown}
 g - a scroll of torment {unknown}
 p - a scroll of enchant armour {unknown}
 q - 3 scrolls of teleportation {unknown}
 v - a scroll of magic mapping {unknown}
 x - a scroll of amnesia {unknown}
Potions
 c - a potion of curing
 d - a potion of lignification
 h - a potion of brilliance
 i - a potion of degeneration
 j - a potion of berserk rage {unknown}
 m - a potion of invisibility {unknown}
 s - 2 potions of cancellation {unknown}
 t - a potion of might {unknown}


   Skills:
 + Level 5.7 Fighting
 - Level 2.6 Long Blades
 + Level 6.3 Axes
 + Level 4.2 Armour
 + Level 2.2 Dodging
 + Level 2.9 Invocations


You had 6 spell levels left.
You didn't know any spells.
Your spell library contained the following spells:

 Spells                   Type           Power      Damage    Failure   Level
 Ensorcelled Hibernation  Hex/Ice        0%         N/A       54%         2
 Passwall                 Tmut/Erth      0%         N/A       54%         2
 Swiftness                Air            0%         N/A       78%         3


Dungeon Overview and Level Annotations

Branches:
Dungeon (6/15)
 Temple: D:4-7

Altars:

Shops:
D:2 (

Annotations:
D:4 Menkaure


Message History

Your +2 ring mail of cold resistance melds into your body.
You feel less resistant to cold.
Your roots penetrate the ground.
You cannot move.
You cannot move.
You cannot move.
You cannot move.
You cannot move.
You cannot move.
You cannot move.
You cannot move.
You cannot move.
You cannot move.
You cannot move.
You hit Menkaure.
Menkaure is lightly damaged.
Menkaure hits you but does no damage.
You barely miss Menkaure.
Menkaure is lightly damaged.
Menkaure hits you! x2
* * * LOW HITPOINT WARNING * * *
You are too injured to fight recklessly!
Press: ? - help, v - describe, . - travel
Here: Menkaure (lightly damaged, fast)
The floor.
Really quaff the potion of lignification?
Okay, then.
It was a potion of brilliance.
You feel clever all of a sudden.
Menkaure's bandages flutter.
Menkaure hits you.
* * * LOW HITPOINT WARNING * * *
You slash Menkaure!
Menkaure is severely damaged.
Menkaure hits you!
* * * LOW HITPOINT WARNING * * *
It was a potion of degeneration.
There was something very wrong with that liquid.
You feel weakened.
You feel dopey.
You feel clumsy. Menkaure hits you!
You die...

##....# #(...... #.....#
#....... ##.###.#
###....... ##.)# #.#
#....>....
#..####.#####........†
##.##...)).............
####..#..##.#############.
#.....).###)##### #.
###..#...♣M)....# #.
####.####.#...# #. #.#
#...### #> ### ###.## ##
#...## . #.#..# ##
...##M## .... #...#
................


You could see Menkaure (fast).

Vanquished Creatures
  Sigmund (D:3)
  2 phantoms (D:4)
  Terence (D:3)
  Ijyb (D:3)
  5 orc wizards (D:5)
  Robin (D:2)
  2 adders
  A white imp (D:5)
  A worm (D:2)
  3 dart slugs
  12 orcs
  6 ball pythons
  8 endoplasms
  3 giant cockroaches
  15 goblins
  10 hobgoblins
  3 quokkas
  9 bats
  5 frilled lizards
  6 kobolds
  4 rats
99 creatures vanquished.

Vanquished Creatures (others)
  4 plants (D:6)
4 creatures vanquished.

Grand Total: 103 creatures vanquished

Notes
Turn   | Place    | Note
-------+----------+-------------------------------------------
     0 | Abyss:1  | PaulusMax the Hill Orc Abyssal Knight began the quest for
                  | the Orb.
     0 | Abyss:1  | Reached XP level 1. HP: 19/19 MP: 2/2
     0 | Abyss:1  | Found a corrupted altar of Lugonu.
   105 | D:1      | Escaped the Abyss
   263 | D:1      | Reached XP level 2. HP: 13/27 MP: 4/4
   978 | D:1      | Reached XP level 3. HP: 34/34 MP: 5/5
  1150 | D:1      | Found a faded altar of an unknown god.
  1406 | D:2      | Found Guwac's Weapon Shoppe.
  1418 | D:2      | Reached *** piety under Lugonu
  1470 | D:3      | Reached skill level 1 in Dodging
  1871 | D:2      | Noticed Robin
  1885 | D:2      | Reached XP level 4. HP: 35/41 MP: 6/6
  1885 | D:2      | Killed Robin
  1886 | D:2      | Reached skill level 1 in Axes
  2599 | D:3      | Reached skill level 2 in Axes
  2679 | D:3      | Noticed Ijyb
  2691 | D:3      | Killed Ijyb
  2692 | D:3      | Reached XP level 5. HP: 39/47 MP: 7/7
  2913 | D:3      | Noticed Sigmund
  2926 | D:3      | Killed Sigmund
  2927 | D:3      | Reached skill level 5 in Fighting
  2927 | D:3      | Reached skill level 4 in Axes
  2927 | D:3      | Reached XP level 6. HP: 54/56 MP: 8/8
  3033 | D:3      | Noticed Terence
  3045 | D:3      | Killed Terence
  3381 | D:5      | Entered Level 5 of the Dungeon
  3440 | D:4      | Reached skill level 5 in Axes
  3681 | D:5      | Reached **** piety under Lugonu
  3682 | D:5      | Reached XP level 7. HP: 36/61 MP: 9/9
  4254 | D:4      | Reached skill level 6 in Axes
  4409 | D:4      | Noticed Menkaure
  4427 | D:4      | Slain by Menkaure

Illustrated notes

Levels and vault maps discovered:
D:1:      dpeg_arrival_boxes_within_box, layout_loops_ring,
          basic_ecumenical_altar, hangedman_abyss_or_decor_stabs,
          kennysheep_crisscross
D:2:      minmay_alternating_diamond, layout_basic, serial_shops,
          nicolae_shop_bloodbath_and_beyond, uniq_robin
D:3:      layout_basic, minmay_misc_feat_five, uniq_terence, uniq_sigmund,
          uniq_ijyb
D:4:      minmay_polygon_palace, layout_rooms, nzn_wu_jian_contemplation,
          mainiacjoe_overflow_cross_hatched, uniq_menkaure
D:5:      layout_gridville, nicolae_overflow_crystal_walls,
          nicolae_uskayaw_en_pointe
D:6:      layout_loops_ring, kennysheep_mini_moat, minmay_temple_entry_junction,
          minmay_lizard_king, uniq_eustachio

Skill      XL: |  1  2  3  4  5  6  7 |
---------------+----------------------+-----
Fighting       | 4 5 |  5.7
Dodging        | 1 2 |  2.2
Axes           | 2 4 5 6 |  6.3
Armour         | 3 4 |  4.2
Long Blades    | |  2.6
Invocations    | |  2.9

Action                   |  1- 3 |  4- 6 |  7- 9 || total
-------------------------+-------+-------+-------++-------
Melee: Falchion          |   104 |       |       ||   104
       War axe           |    25 |   139 |    57 ||   221
       Punch             |       |     2 |     2 ||     4
  Use: Potion            |       |     1 |     3 ||     4
Armor: Leather armour    |    49 |       |       ||    49
       Ring mail         |     1 |    86 |    37 ||   124
       Skin              |       |       |     1 ||     1
Dodge: Dodged            |    85 |    86 |    26 ||   197
